[Event "Late-Titled-Tuesday-Blitz-October-17-2023"]
[Site "Chess.com"]
[Date "2023.10.17"]
[Round "8"]
[White "sorch29"]
[Black "Deeper44"]
[Result "0-1"]
[WhiteElo "2392"]
[BlackElo "2617"]
[TimeControl "180+1"]
[EndTime "15:19:58 PDT"]
[Termination "Deeper44 won by resignation"]

1. d4 Nf6 2. c4 g6 3. Nc3 Bg7 4. e4 d6 5. Be2 O-O 6. Nf3 Na6 7.
O-O e5 8. Re1 exd4 9. Nxd4 Re8 10. Bf1 Nc5 11. f3 c6 12. Be3 a5 13. Qd2 a4 14. Nc2 Be6 15. b4 axb3 16. axb3 Nxb3 0-1

[Event "Late-Titled-Tuesday-Blitz-October-17-2023"]
[Site "Chess.com"]
[Date "2023.10.17"]
[Round "8"]
[White "ValeriyGrinev"]
[Black "cassoulet"]
[Result "0-1"]
[WhiteElo "2596"]
[BlackElo "2786"]
[TimeControl "180+1"]
[EndTime "15:20:34 PDT"]
[Termination "cassoulet won by resignation"]

1. e4 c5 2. Nf3 e6 3. Nc3 Nc6 4. g3 Nf6 5. Bg2 Be7 6. O-O O-O 7. Re1 d5 8. exd5 Nxd5 9. d4 Nxc3 10.
bxc3 Bf6 11. Be3 Qa5 12. Qd2 cxd4 13. cxd4 Qxd2 14. Bxd2 Nxd4 15. Nxd4 Bxd4 16. Rab1 Rd8 17. Bxb7 Bxb7 18. Rxb7 Bxf2+ 19. Kxf2 Rxd2+ 20. Re2 Rd6 21.
c4 h5 22. Reb2 g6 23. Rc7 Ra6 24. Rbb7 Rxa2+ 25. Kg1 Rd8 26. Rd7 Rxd7 27. Rxd7 Rc2 28. Rxa7 Rxc4 29. Kg2 Kg7 30. Kh3 g5 31. Rb7 Rc2 32.
g4 hxg4+ 33. Kxg4 Kg6 34. h3 Rc3 35. Rxf7 Kxf7 0-1

[Event "Late-Titled-Tuesday-Blitz-October-17-2023"]
[Site "Chess.com"]
[Date "2023.10.17"]
[Round "8"]
[White "zajka-molotok"]
[Black "drdaro"]
[Result "1-0"]
[WhiteElo "2565"]
[BlackElo "2280"]
[TimeControl "180+1"]
[EndTime "15:20:34 PDT"]
[Termination "zajka-molotok won by resignation"]

1. e4 Nc6 2. d4 d6 3. f4 g6 4.
Nf3 Bg7 5. c3 Bg4 6. h3 Bxf3 7.
Qxf3 Nf6 8. Bd3 O-O 9. O-O a6 10. Be3 b5 11. e5 dxe5 12. Qxc6 exd4 13. Bxd4 Nd5 14. Bxg7 Kxg7 15. Be4 Nb6 16. Na3 1-0

[Event "Late-Titled-Tuesday-Blitz-October-17-2023"]
[Site "Chess.com"]
[Date "2023.10.17"]
[Round "8"]
[White "DawidCzerw"]
[Black "expii"]
[Result "1-0"]
[WhiteElo "2524"]
[BlackElo "2244"]
[TimeControl "180+1"]
[EndTime "15:20:43 PDT"]
[Termination "DawidCzerw won by resignation"]

1. e4 c5 2. Nf3 d6 3. d4 cxd4 4.
Nxd4 Nf6 5. Nc3 g6 6. h4 Bg7 7. f3 O-O 8. Be3 Nc6 9. h5 Nxh5 10. Qd2 Nxd4 11. Bxd4 Nf6 12. g4 e5 13. Be3 Be6 14.
O-O-O Rc8 15. Bh6 a6 16. Bd3 b5 17. Bxg7 Kxg7 18. Qh6+ Kg8 19. Rh2 b4 20. Nd5 Bxd5 21.
exd5 b3 22. axb3 Qa5 23. g5 Qa1+ 24. Kd2 Qxb2 25. gxf6 Qc3+ 26. Ke2 1-0

[Event "Late-Titled-Tuesday-Blitz-October-17-2023"]
[Site "Chess.com"]
[Date "2023.10.17"]
[Round "8"]
[White "NigelDwarf"]
[Black "nochewycandy"]
[Result "0-1"]
[WhiteElo "2561"]
[BlackElo "2742"]
[TimeControl "180+1"]
[EndTime "15:20:56 PDT"]
[Termination "nochewycandy won by resignation"]

1. e4 e5 2. f4 exf4 3. Nf3 Nf6 4.
e5 Nh5 5. d4 d6 6. Bc4 Nc6 7. Qe2 d5 8. Bd3 Bg4 9. O-O Nxd4 10.
Qf2 Nxf3+ 11. gxf3 Bh3 12. Re1 Bc5 0-1

[Event "Late-Titled-Tuesday-Blitz-October-17-2023"]
[Site "Chess.com"]
[Date "2023.10.17"]
[Round "8"]
[White "VdovinDmitry"]
[Black "OLDTERMINATOR"]
[Result "1-0"]
[WhiteElo "2085"]
[BlackElo "1645"]
[TimeControl "180+1"]
[EndTime "15:21:16 PDT"]
[Termination "VdovinDmitry won by resignation"]

1. e4 e6 2. d4 d5 3. Nc3 Bb4 4. exd5 exd5 5. Bd3 Nf6 6. Ne2 O-O 7. Bg5 h6 8. Bh4 c6 9. O-O Bg4 10. f3 Bh5 11. Ng3 Bxc3 12. Nxh5 Bxd4+ 13. Kh1 Nxh5 14. Bxd8 1-0

[Event "Late-Titled-Tuesday-Blitz-October-17-2023"]
[Site "Chess.com"]
[Date "2023.10.17"]
[Round "8"]
[White "Tomytoteph"]
[Black "Kale36"]
[Result "1-0"]
[WhiteElo "2573"]
[BlackElo "2325"]
[TimeControl "180+1"]
[EndTime "15:21:40 PDT"]
[Termination "Tomytoteph won by resignation"]

1. e4 Nc6 2. d4 e5 3. dxe5 Nxe5 4. Nf3 Nxf3+ 5. Qxf3 Qf6 6. Nc3 Bb4 7. Bd2 Qxf3 8. gxf3 Ne7 9. O-O-O d6 10. Kb1 Be6 11. Nd5 Nxd5 12. exd5 Bxd2 13. dxe6 Bf4 14. Rg1 O-O 15. exf7+ Kh8 16. Bc4 c6 17. Be6 d5 18. h4 Rad8 19. Rg4 Bh6 20. f4 g6 21.
h5 gxh5 22. Rh4 Rd6 23. f5 1-0

[Event "Late-Titled-Tuesday-Blitz-October-17-2023"]
[Site "Chess.com"]
[Date "2023.10.17"]
[Round "8"]
[White "filipluczak05"]
[Black "Levanzovsky"]
[Result "1-0"]
[WhiteElo "2625"]
[BlackElo "2442"]
[TimeControl "180+1"]
[EndTime "15:21:58 PDT"]
[Termination "filipluczak05 won by resignation"]

1. d4 Nf6 2. Nc3 e6 3. Bf4 Bb4 4. e3 Nd5 5. Ne2 Nxf4 6. Nxf4 d5 7. Bd3 b6 8. a3 Bxc3+ 9. bxc3 Bb7 10. Qg4 g6 11. h4 Nd7 12. h5 Nf6 13. Qg3 Rg8 14. hxg6 hxg6 15. Ke2 Qe7 16. a4 a5 17. Bb5+ c6 18. Bd3 Kd7 19. Rab1 Qd8 20. Qg5 Ba6 21. Rxb6 Qxb6 22. Qxf6 Rgf8 23. Rh7 Rae8 24. Nxg6 Bxd3+ 25. cxd3 Qb2+ 26. Kf3 Qxc3 27. Rxf7+ Rxf7 28. Qxf7+ Kd8 29.
Ne5 Re7 30. Qf8+ Re8 31. Qd6+ Kc8 32. Qd7+ 1-0

[Event "Late-Titled-Tuesday-Blitz-October-17-2023"]
[Site "Chess.com"]
[Date "2023.10.17"]
[Round "8"]
[White "Inepton_Fermion"]
[Black "Mikhail_Golubev"]
[Result "0-1"]
[WhiteElo "2380"]
[BlackElo "2553"]
[TimeControl "180+1"]
[EndTime "15:22:29 PDT"]
[Termination "Mikhail_Golubev won by resignation"]

1. Nf3 d6 2. d4 Nf6 3. b3 g6 4. Bb2 Bg7 5. g3 O-O 6. Bg2 a5 7. O-O a4 8. c4 c6 9. Nbd2 a3 10. Bc3 d5 11. Re1 Ne4 12. Nxe4 dxe4 13. Ng5 e3 14. f4 c5 15. Nf3 Nc6 16. Ne5 cxd4 17. Nxc6 bxc6 18. Bxc6 Ra6 19. Bb5 dxc3 20. Qxd8 Rxd8 21.
Bxa6 Bxa6 22. Rad1 Rd2 0-1

[Event "Late-Titled-Tuesday-Blitz-October-17-2023"]
[Site "Chess.com"]
[Date "2023.10.17"]
[Round "8"]
[White "YouShallNotPass001"]
[Black "arminmusovic"]
[Result "1-0"]
[WhiteElo "2403"]
[BlackElo "2457"]
[TimeControl "180+1"]
[EndTime "15:23:10 PDT"]
[Termination "YouShallNotPass001 won by resignation"]

1. Nf3 Nf6 2. e3 d5 3. Be2 c5 4.
O-O Nc6 5. d4 Bg4 6. Nbd2 e6 7.
h3 Bh5 8. a3 a6 9. dxc5 Bxc5 10.
b4 Bd6 11. c4 O-O 12. Bb2 Rc8 13.
Rc1 Bb8 14. Qb3 Re8 15. Rfd1 Qd6 16. cxd5 exd5 17. Bxf6 gxf6 18. Nf1 Rcd8 19. Rc5 Bxf3 20. Bxf3 d4 21. Bxc6 bxc6 22. Rxd4 Qc7 23. Rg4+ Kh8 24. Qc2 Re6 25. Rh5 f5 26. Qxf5 Rg6 27. Rgh4 Kg8 28. Rxh7 Rd1 29. Rh8+ 1-0

[Event "Late-Titled-Tuesday-Blitz-October-17-2023"]
[Site "Chess.com"]
[Date "2023.10.17"]
[Round "8"]
[White "tylityli"]
[Black "imdvb6307"]
[Result "0-1"]
[WhiteElo "2337"]
[BlackElo "2490"]
[TimeControl "180+1"]
[EndTime "15:23:15 PDT"]
[Termination "imdvb6307 won by resignation"]

1. d4 d5 2. c4 c6 3. cxd5 cxd5 4.
Bf4 Nc6 5. e3 Bf5 6. Nc3 Nf6 7.
Qb3 Na5 8. Qa4+ Bd7 9. Qc2 Rc8 10. Bd3 e6 11. Nf3 Be7 12. O-O O-O 13. Qe2 a6 14.
Ne5 b5 15. Rac1 Nc4 16. b3 Nd6 17. Nb1 Qa5 18. f3 Rc7 19. g4 Rfc8 20. Rxc7 Qxc7 21. Nd2 Be8 22. Nb1 Nd7 23. e4 Nb6 24. Rf2 f6 25.
exd5 Nxd5 26. Qe4 Nxe4 0-1

[Event "Late-Titled-Tuesday-Blitz-October-17-2023"]
[Site "Chess.com"]
[Date "2023.10.17"]
[Round "8"]
[White "szachmistrz2500"]
[Black "Nekoo04"]
[Result "1-0"]
[WhiteElo "2425"]
[BlackElo "2262"]
[TimeControl "180+1"]
[EndTime "15:23:39 PDT"]
[Termination "szachmistrz2500 won by resignation"]

1. Nf3 Nf6 2. g3 d5 3. Bg2 c5 4. O-O Nc6 5. d3 e6 6. Nbd2 g6 7. e4 Bg7 8. c3 O-O 9. Qe2 a5 10.
Re1 b6 11. e5 Nd7 12. d4 cxd4 13. cxd4 Ba6 14. Qd1 f6 15. exf6 Qxf6 16. Nf1 Nxd4 17.
Nxd4 Qxf2+ 18. Kh1 Bxd4 19. Nd2 Ne5 20. Nb3 Nd3 21.
Re2 Qxe2 22. Qxe2 Nf2+ 23. Qxf2 Bxf2 24. Bh6 Rf7 25. Bh3 Re8 26. Rc1 a4 27. Na1 Bd4 28. Rc6 Rc8 29. Rxe6 Rc1+ 30. Bxc1 Bf1 31. Bh6 Bg7 32.
Re8+ Rf8 33. Be6+ 1-0

[Event "Late-Titled-Tuesday-Blitz-October-17-2023"]
[Site "Chess.com"]
[Date "2023.10.17"]
[Round "8"]
[White "Chesstrainer1"]
[Black "LogoCzar"]
[Result "1-0"]
[WhiteElo "2504"]
[BlackElo "2397"]
[TimeControl "180+1"]
[EndTime "15:23:43 PDT"]
[Termination "Chesstrainer1 won by resignation"]

1. e4 c5 2. Nf3 Nc6 3. d4 cxd4 4. Nxd4 Nf6 5. Nc3 h5 6. Be2 e6 7. Nxc6 bxc6 8. e5 Nd5 9. Ne4 Qc7 10. f4 f5 11. Bxh5+ Kd8 12. Nf2 Bc5 13. Nd3 Be7 14. c4 Nb6 15. b3 g5 16. fxg5 d6 17. exd6 Qxd6 18. Bf4 Qd4 19. Ne5 Bb4+ 20. Ke2 Qxd1+ 21. Raxd1+ Ke7 22. Ng6+ Kf7 23. Nxh8+ Kg7 24. Be5+ Kh7 25.
Bf3 Ba6 26. g6+ Kh6 27. g7 Nd5 28. Nf7+ Kh7 29. Ng5+ Kg6 30. h4 Ne7 31. Nxe6 f4 32. Nxf4+ Kf5 33. Nd3 Ba5 34. g4+ Ke6 35. h5 Re8 36. h6 Ng6 37. h7 Nxe5 38. Nxe5 Kxe5 39. g8=Q 1-0

[Event "Late-Titled-Tuesday-Blitz-October-17-2023"]
[Site "Chess.com"]
[Date "2023.10.17"]
[Round "8"]
[White "Necromon"]
[Black "Tiqr777"]
[Result "1-0"]
[WhiteElo "2517"]
[BlackElo "2625"]
[TimeControl "180+1"]
[EndTime "15:23:47 PDT"]
[Termination "Necromon won by resignation"]

1. Nf3 Nf6 2. g3 g6 3. b3 Bg7 4. Bb2 O-O 5. Bg2 d6 6. c4 c5 7. O-O Nc6 8. d4 Bg4 9. dxc5 dxc5 10. Nc3 Qc8 11. Nd5 Nxd5 12. Bxg7 Kxg7 13. cxd5 Bxf3 14. Bxf3 Nd4 15. Bg2 Qd7 16. e3 Nf5 17. Qd3 Qd6 18.
Rad1 Rfd8 19. f4 Rac8 20. e4 Nd4 21. b4 b6 22. e5 Qd7 23. h4 Qb5 24. Qd2 Ne2+ 25.
Kh2 cxb4 26. f5 Nc3 27. f6+ exf6 28. exf6+ Kh8 29. Qh6 Rg8 30. Rd4 Rc4 31. Rxc4 Qxc4 32. Re1 Nxd5 33. Bxd5 Qxd5 34. Re8 Qd2+ 35. Qxd2 1-0

[Event "Late-Titled-Tuesday-Blitz-October-17-2023"]
[Site "Chess.com"]
[Date "2023.10.17"]
[Round "8"]
[White "Haykoooo0o"]
[Black "Maksimus1998"]
[Result "0-1"]
[WhiteElo "2469"]
[BlackElo "2621"]
[TimeControl "180+1"]
[EndTime "15:23:48 PDT"]
[Termination "Maksimus1998 won by checkmate"]

1. d4 Nf6 2. Nf3 e6 3. e3 b6 4. Bd3 Bb7 5. Nbd2 g6 6. O-O Bg7 7. e4 O-O 8. c3 d6 9. Qe2 Nbd7 10. e5 Nd5 11. Nc4 dxe5 12. Ncxe5 Nxe5 13. dxe5 c5 14. a3 Qc7 15. c4 Ne7 16. Bg5 Bxf3 17. Qxf3 Bxe5 18.
Bxe7 Qxe7 19. Rab1 Rad8 20. b3 Qh4 21. g3 Qe7 22. Rfd1 Rd4 23. Be2 Rfd8 24. Rxd4 Bxd4 25. Rd1 Kg7 26. Kg2 h5 27. h4 Qf6 28. Qxf6+ Kxf6 29.
Bf3 Rb8 30. a4 Ke7 31. Kf1 f5 32. Bg2 e5 33. Bd5 Kf6 34. f3 g5 35. hxg5+ Kxg5 36. Kg2 Re8 37. Rh1 Re7 38. Rh4 Rg7 39. f4+ exf4 40.
Rxf4 Re7 41. Bf3 Re1 42. Rh4 Rg1+ 43. Kh2 Rb1 44. Rxh5+ Kg6 45. g4 Rb2+ 46. Kg3 Be5+ 47. Kh3 Rh2# 0-1

[Event "Late-Titled-Tuesday-Blitz-October-17-2023"]
[Site "Chess.com"]
[Date "2023.10.17"]
[Round "8"]
[White "Chessdreamer2020"]
[Black "effefe"]
[Result "1-0"]
[WhiteElo "2494"]
[BlackElo "2343"]
[TimeControl "180+1"]
[EndTime "15:23:54 PDT"]
[Termination "Chessdreamer2020 won by checkmate"]

1. e4 c5 2. Nf3 d6 3. d4 cxd4 4. Qxd4 Nc6 5. Qe3 Nf6 6. h3 g6 7. Be2 Bg7 8. O-O O-O 9. Rd1 Qc7 10. c4 h6 11. Nc3 Be6 12. Rb1 Na5 13. b3 a6 14. Bb2 Nc6 15. Rbc1 Qa5 16. a3 Qc5 17.
Qd2 a5 18. Bd3 Nd4 19. Nxd4 Qxd4 20. Nd5 Qa7 21. Nxe7+ Kh7 22. Nd5 Bxd5 23. exd5 Qb6 24. Bc2 Rfe8 25. a4 Ne4 26. Bxe4 Rxe4 27. Bxg7 Kxg7 28.
Qc3+ Kg8 29. Re1 Rae8 30. Kf1 Qd8 31. Rxe4 Rxe4 32. Re1 Qe7 33. Re3 Rxe3 34. Qxe3 Qf6 35. g3 Qa1+ 36. Kg2 Qb2 37. h4 h5 38. Qb6 Kg7 39.
Qxb7 Qd4 40. Qe7 Qc3 41. Qxd6 Qxb3 42. Qe5+ Kh6 43. c5 Qc4 44. Qh8# 1-0

[Event "Late-Titled-Tuesday-Blitz-October-17-2023"]
[Site "Chess.com"]
[Date "2023.10.17"]
[Round "8"]
[White "egnfanclub"]
[Black "Estrategia_vs_Tactica"]
[Result "1-0"]
[WhiteElo "2354"]
[BlackElo "2236"]
[TimeControl "180+1"]
[EndTime "15:23:59 PDT"]
[Termination "egnfanclub won by resignation"]

1. e4 e5 2. Nf3 Nc6 3. d4 exd4 4. Nxd4 Bb4+ 5. c3 Ba5 6. Na3 Nf6 7. Nxc6 bxc6 8. Bd3 d5 9. exd5 O-O 10. O-O cxd5 11. Bg5 h6 12. Bh4 Be6 13. Nb5 c5 14. Qf3 a6 15. Bxf6 Qxf6 16. Qxf6 gxf6 17. Nd6 Rab8 18. Rab1 Rfd8 19. Nf5 Bxf5 20. Bxf5 Rb6 21. Rfd1 d4 22. cxd4 cxd4 23. Rd3 Bc3 24. Rg3+ Kf8 25. bxc3 dxc3 26.
Rc1 Rc6 27. h4 c2 28. Rxc2 Rd1+ 29. Kh2 Rxc2 30. Bxc2 Rd4 31. Ra3 Rxh4+ 32. Kg3 Rc4 33. Bd3 Rc5 34. Bxa6 h5 35. Be2 Rg5+ 36. Kh3 Re5 37.
Bf3 Kg7 38. Ra7 Re1 39. a4 f5 40. Kg3 Kg6 41. Kf4 Rb1 42. Ra6+ f6 43. a5 Rb4+ 44. Ke3 Kg5 45. Ra8 f4+ 46. Kd3 h4 47. a6 Rb3+ 48.
Kc4 Ra3 49. a7 h3 50. Rg8+ Kf5 51. a8=Q Rxa8 52. Bxa8 1-0

[Event "Late-Titled-Tuesday-Blitz-October-17-2023"]
[Site "Chess.com"]
[Date "2023.10.17"]
[Round "8"]
[White "adrivillu"]
[Black "Qvalda"]
[Result "1-0"]
[WhiteElo "2318"]
[BlackElo "2387"]
[TimeControl "180+1"]
[EndTime "15:24:01 PDT"]
[Termination "adrivillu won by checkmate"]

1. e4 e6 2. d4 d5 3. Nc3 Be7 4. e5 c5 5. dxc5 Nc6 6. Nf3 Bxc5 7. Bd3 Nge7 8. O-O Ng6 9. Re1 O-O 10. h4 a6 11. h5 Nge7 12. h6 g6 13. Bg5 Qc7 14. Bf6 Nf5 15. Bxf5 exf5 16. Nxd5 Qd7 17.
Bg7 Be7 18. Bxf8 Kxf8 19. c4 Bc5 20. Qe2 Be7 21. Rad1 Rb8 22. e6 Qxe6 23. Qd2 Qd6 24.
Qc3 f6 25. Nxe7 Qxd1 26. Qxf6+ Ke8 27. Rxd1 Nxe7 28. Re1 Kd7 29. Rxe7+ Kd8 30. Qf8# 1-0

[Event "Late-Titled-Tuesday-Blitz-October-17-2023"]
[Site "Chess.com"]
[Date "2023.10.17"]
[Round "8"]
[White "becemix"]
[Black "morte-negra"]
[Result "1-0"]
[WhiteElo "2435"]
[BlackElo "1956"]
[TimeControl "180+1"]
[EndTime "15:24:06 PDT"]
[Termination "becemix won by resignation"]

1. d4 Nf6 2. Nc3 g6 3. e4 Bg7 4. Nf3 d6 5. h3 O-O 6. Be3 c6 7. a4 Na6 8. Bc4 Nc7 9. O-O e6 10. d5 cxd5 11. exd5 exd5 12. Nxd5 Ncxd5 13. Bxd5 Nxd5 14. Qxd5 Bxb2 15. Rab1 Bg7 16. Rfd1 Qc7 17. Nd4 Qc5 18. Qe4 Qe5 19. Qd3 a6 20. Nf3 Qe6 21. Rb6 Rd8 22. Bf4 Qf5 23. Rxd6 Rxd6 24. Qxd6 Be6 25. Bg3 Bf6 26. Nd4 Bxd4 27. Qxd4 Qxc2 28. Bf4 Qc7 29.
Bxc7 1-0

[Event "Late-Titled-Tuesday-Blitz-October-17-2023"]
[Site "Chess.com"]
[Date "2023.10.17"]
[Round "8"]
[White "AryanTari"]
[Black "BardArtem"]
[Result "1-0"]
[WhiteElo "2949"]
[BlackElo "2760"]
[TimeControl "180+1"]
[EndTime "15:24:07 PDT"]
[Termination "AryanTari won by resignation"]

1. d4 d5 2. c3 Nf6 3. Nf3 Bf5 4. Bf4 c6 5. Nbd2 e6 6. h3 h6 7. e3 Nbd7 8. Be2 Be7 9. O-O O-O 10. b4 a5 11. b5 c5 12. c4 Rc8 13. Rc1 cxd4 14. exd4 Ba3 15. Rc3 Bb4 16. Rb3 dxc4 17. Nxc4 Nd5 18.
Bd6 Bxd6 19. Nxd6 Bc2 20. Qd2 Bxb3 21. Nxc8 Qxc8 22. axb3 Qc3 23. Qxc3 Nxc3 24. Bd3 Rc8 25. Ra1 b6 26. Kf1 Nd5 27. Bc4 Kf8 28. g3 Ke7 29.
Ke2 Kd6 30. Kd3 Nb4+ 31. Kd2 e5 32. Re1 f6 33. dxe5+ fxe5 34. Nh4 Rf8 35. Rd1 Kc7 36. Ke2 Nc5 37. Nf3 e4 38. Nd4 Rd8 39. Rd2 Nbd3 40.
Ke3 Ne5 41. Rc2 Rf8 42. Bd5 Kd6 43. Bxe4 Re8 44. Nf5+ Kc7 45. Nxg7 Re7 46. Nf5 Re8 47. f3 Nxf3 48. Kxf3 1-0

[Event "Late-Titled-Tuesday-Blitz-October-17-2023"]
[Site "Chess.com"]
[Date "2023.10.17"]
[Round "8"]
[White "ritanovikova"]
[Black "ToddBryant"]
[Result "1-0"]
[WhiteElo "2146"]
[BlackElo "2300"]
[TimeControl "180+1"]
[EndTime "15:24:08 PDT"]
[Termination "ritanovikova won by resignation"]

1. d4 Nf6 2. Bf4 g6 3. c3 Bg7 4. Nd2 d5 5. Ngf3 O-O 6. Qc2 c5 7. dxc5 Nc6 8. e3 Bf5 9. Bd3 e6 10. Bxf5 gxf5 11. Ne5 Ne4 12. Nxc6 bxc6 13. Nxe4 fxe4 14.
Bd6 Re8 15. c4 Qf6 16. Rb1 Qg6 17. O-O f5 18. cxd5 exd5 19. b4 Re6 20. b5 cxb5 21.
Rxb5 Qh5 22. Qd1 Qe8 23. Qxd5 Kh8 24. Rfb1 Rd8 25. Rb8 Bf6 26. Rxd8 Bxd8 27. Rb8 Rg6 28. Bg3 Rg8 29. Be5+ Rg7 30. Rxd8 1-0

[Event "Late-Titled-Tuesday-Blitz-October-17-2023"]
[Site "Chess.com"]
[Date "2023.10.17"]
[Round "8"]
[White "azikom"]
[Black "SereneSalmon"]
[Result "1-0"]
[WhiteElo "2614"]
[BlackElo "2448"]
[TimeControl "180+1"]
[EndTime "15:24:13 PDT"]
[Termination "azikom won by resignation"]

1. c4 Nf6 2. Nc3 c5 3. g3 e6 4. Bg2 d5 5. cxd5 exd5 6. d4 Nc6 7.
Nf3 cxd4 8. Nxd4 Bc5 9. Nb3 Bb6 10. O-O d4 11. Na4 O-O 12. Nxb6 axb6 13. Bxc6 bxc6 14.
Qxd4 Qxd4 15. Nxd4 c5 16. Nb5 Ra5 17. Nc3 Re8 18. Bd2 Ra8 19. f3 Be6 20. Rfe1 Bc4 21. Kf2 b5 22. a3 b4 23. axb4 cxb4 24. Rxa8 Rxa8 25. Nd1 Ra4 26. Ne3 Be6 27. Rc1 h6 28. Rc2 b3 29. Rc5 Ra1 30. h4 Kh7 31. Bc3 Nd7 32. Rb5 Rc1 33. g4 Rh1 34. h5 Ra1 35.
Ng2 Ra6 36. Nf4 Nb6 37. Nxe6 fxe6 38. Rxb3 Nd5 39. Be5 Rc6 40. Rb7 1-0

[Event "Late-Titled-Tuesday-Blitz-October-17-2023"]
[Site "Chess.com"]
[Date "2023.10.17"]
[Round "8"]
[White "DvaHrasta"]
[Black "Dacean99"]
[Result "0-1"]
[WhiteElo "2494"]
[BlackElo "2639"]
[TimeControl "180+1"]
[EndTime "15:24:14 PDT"]
[Termination "Dacean99 won on time"]

1. c4 c6 2. e4 d5 3. exd5 cxd5 4.
cxd5 Nf6 5. Qa4+ Nbd7 6. Nc3 g6 7. Bc4 Bg7 8. d3 O-O 9. Nf3 Nc5 10. Qa3 b6 11. O-O Bf5 12. Ne5 Qc7 13. Re1 Rfd8 14.
Nb5 Qb7 15. h3 Nxd5 16. b4 Ne6 17. Bb2 Ndf4 18. f3 Bxh3 19. gxh3 Bxe5 20. Bxe5 Qxf3 21.
Bxf4 Nxf4 22. Qb2 Qg3+ 23. Kh1 Qxh3+ 24. Kg1 Nxd3 25. Qg2 Qxg2+ 26. Kxg2 Nxe1+ 27. Rxe1 e6 28. Be2 Rd2 29. a4 a5 30. Nc7 Rc8 31. bxa5 bxa5 32. Nb5 Rcc2 33. Kf3 Ra2 34. Nc3 Ra3 35. Rc1 Rd4 36.
Ke3 Rdxa4 37. Kd2 Rb4 38. Rc2 Rd4+ 39. Ke3 Rd8 0-1

[Event "Late-Titled-Tuesday-Blitz-October-17-2023"]
[Site "Chess.com"]
[Date "2023.10.17"]
[Round "8"]
[White "mfwagnerpeixoto"]
[Black "Aariow"]
[Result "1-0"]
[WhiteElo "2350"]
[BlackElo "2451"]
[TimeControl "180+1"]
[EndTime "15:24:17 PDT"]
[Termination "mfwagnerpeixoto won by checkmate"]

1. e4 c5 2. Nf3 Nc6 3. Bb5 g6 4. O-O Bg7 5. Re1 Nf6 6. Nc3 O-O 7. e5 Ne8 8. Bxc6 dxc6 9. d3 Nc7 10. h3 Ne6 11.
Ne4 b6 12. a3 Nd4 13. Bg5 Nxf3+ 14. Qxf3 Bxe5 15. Nxc5 f6 16. Rxe5 fxe5 17. Qxc6 Rb8 18. Ne6 Qe8 19. Qc4 Bxe6 20. Qxe6+ Qf7 21. Qxe5 Qxf2+ 22. Kh1 Rbc8 23. c4 Rc5 24. Qe6+ Qf7 25. Qxe7 Qf5 26.
Bh6 Re5 27. Qg7# 1-0

[Event "Late-Titled-Tuesday-Blitz-October-17-2023"]
[Site "Chess.com"]
[Date "2023.10.17"]
[Round "8"]
[White "Vigg-Sama"]
[Black "Chessbard1972"]
[Result "0-1"]
[WhiteElo "2195"]
[BlackElo "2337"]
[TimeControl "180+1"]
[EndTime "15:24:17 PDT"]
[Termination "Chessbard1972 won on time"]

1. e4 e5 2. Nf3 Nc6 3. Bb5 f5 4. d3 fxe4 5. dxe4 Nf6 6. O-O d6 7. Bc4 Na5 8. Bd3 Be6 9. b3 Be7 10. Ng5 Bg8 11. Nc3 h6 12. Nf3 c6 13. Bd2 Be6 14.
Qe1 b6 15. Ne2 Nb7 16. a4 a5 17. Ng3 O-O 18. Rd1 Nc5 19. Nf5 Nxd3 20. cxd3 Bxb3 21.
Rc1 Bxa4 22. Bxh6 gxh6 23. Nxh6+ Kh7 24. Ng5+ Kxh6 25. Ne6 Qd7 26. Qe3+ Kh7 27. Ng5+ Kg8 28. f4 exf4 29. Rxf4 Nh5 30. Rxf8+ Rxf8 31. d4 Qg4 32.
Nf3 Nf4 0-1

[Event "Late-Titled-Tuesday-Blitz-October-17-2023"]
[Site "Chess.com"]
[Date "2023.10.17"]
[Round "8"]
[White "kiwibobo"]
[Black "Real_taiatai"]
[Result "0-1"]
[WhiteElo "2303"]
[BlackElo "2445"]
[TimeControl "180+1"]
[EndTime "15:24:23 PDT"]
[Termination "Real_taiatai won by resignation"]

1. e4 e5 2. Nf3 Nc6 3. Bb5 a6 4. Ba4 Nf6 5. O-O d6 6. c3 Bd7 7.
Bc2 g6 8. d4 Bg7 9. h3 O-O 10.
Re1 h6 11. a4 a5 12. Na3 Nh7 13. Nc4 exd4 14. cxd4 Ng5 15. Nxg5 hxg5 16. Be3 Qf6 17.
e5 dxe5 18. dxe5 Qe7 19. Qd2 g4 20. hxg4 Bxg4 21. Bg5 Qb4 22. Qf4 Be6 23. Re4 Bxc4 24. Bf6 Qxb2 25. Bxg7 Qxa1+ 26. Kh2 Kxg7 27. Qf6+ Kg8 28. g3 Nxe5 29. Rxe5 Ra6 30. Qe7 Qd4 31. Re2 Bxe2 32. Qxe2 Rf6 0-1

[Event "Late-Titled-Tuesday-Blitz-October-17-2023"]
[Site "Chess.com"]
[Date "2023.10.17"]
[Round "8"]
[White "Giorno"]
[Black "Lennis93"]
[Result "1-0"]
[WhiteElo "2565"]
[BlackElo "2701"]
[TimeControl "180+1"]
[EndTime "15:24:26 PDT"]
[Termination "Giorno won by resignation"]

1. d4 Nf6 2. c4 e6 3. Nc3 d5 4. Nf3 dxc4 5. e4 b5 6. Nxb5 Nxe4 7. Nc3 Nxc3 8. bxc3 Ba6 9. Bxc4 Bxc4 10. Qa4+ Qd7 11. Qxc4 Qc6 12. Qd3 Bd6 13. O-O Nd7 14. Rb1 Nb6 15.
Re1 Qc4 16. Qe4 Nd5 17. Nd2 Qxa2 18. c4 c6 19. cxd5 cxd5 20. Qd3 O-O 21. Rb2 Qa5 22. Rc2 Rfc8 23. Rd1 Qa4 24. Rxc8+ Rxc8 25. Nb3 Rb8 26. Nc5 Qa2 27. Be3 a5 28. g3 a4 29. Qa6 Bxc5 30. dxc5 h6 31. c6 Rb1 32. Qf1 Rxd1 33. Qxd1 a3 34. c7 Qc4 35. Qc1 1-0

[Event "Late-Titled-Tuesday-Blitz-October-17-2023"]
[Site "Chess.com"]
[Date "2023.10.17"]
[Round "8"]
[White "HouseOfDurin"]
[Black "C_K_G"]
[Result "1-0"]
[WhiteElo "2271"]
[BlackElo "1888"]
[TimeControl "180+1"]
[EndTime "15:24:27 PDT"]
[Termination "HouseOfDurin won on time"]

1. d4 d5 2. Bg5 c5 3. c3 cxd4 4. cxd4 Nc6 5. e3 Qb6 6. Qd2 Bf5 7. Nc3 e6 8. Bb5 Bb4 9. Bxc6+ bxc6 10. Nge2 h6 11. Bh4 Ne7 12. a3 Bd6 13. Bg3 Bxg3 14. hxg3 O-O 15. b4 a5 16. Na4 Qc7 17. O-O axb4 18. axb4 Rfb8 19. Nc5 Rxa1 20. Rxa1 Qb6 21. Ra4 Qb5 22. Nc3 Qb6 23. Nd7 Qc7 24. Nxb8 Qxb8 25. Qa2 Kh7 26. Qa3 Ng6 27. Ra8 Qd6 28. b5 Qd7 29.
Qa7 Qd6 30. Qa3 Qc7 31. Ra7 Qb6 32. bxc6 Qxc6 33. Rxf7 Bd3 34. Qa7 h5 35. Rxg7+ Kh6 36. Rh7+ Kg5 37. Qc5 Qa6 38. Nxd5 1-0

[Event "Late-Titled-Tuesday-Blitz-October-17-2023"]
[Site "Chess.com"]
[Date "2023.10.17"]
[Round "8"]
[White "aNaartjieZA"]
[Black "GaiozNigalidze"]
[Result "1-0"]
[WhiteElo "2551"]
[BlackElo "2685"]
[TimeControl "180+1"]
[EndTime "15:24:29 PDT"]
[Termination "aNaartjieZA won by resignation"]

1. e4 c5 2. Nf3 d6 3. g3 g6 4.
Bg2 Bg7 5. O-O Nc6 6. c3 Nf6 7. Re1 O-O 8. h3 e6 9. d4 cxd4 10. cxd4 d5 11. e5 Ne4 12. Nbd2 Nxd2 13. Bxd2 f6 14.
Bf4 Bd7 15. Rc1 Qb6 16. Qd2 fxe5 17. dxe5 Rac8 18. h4 Qb4 19. Qe3 Ne7 20. b3 Nf5 21. Qxa7 Rxc1 22. Rxc1 Bc6 23. Qc5 Qxc5 24. Rxc5 Ra8 25.
a4 d4 26. Nd2 Bxg2 27. Kxg2 Ne7 28. Rc7 Nc6 29. Rxb7 Bxe5 30. Bxe5 Nxe5 31. Nf3 Nxf3 32. Kxf3 Rd8 33. Ke2 e5 34. f3 d3+ 35. Kd2 Rd4 36. a5 1-0